 Dungeon Crawl Stone Soup version 0.29.1-2-gbd0b4ee654 (webtiles) character file.

Game seed: 15824294291767910444

163 jamesblauser the Chopper (level 5, -1/47 HPs)
             Began as a Minotaur Berserker on Nov 6, 2022.
             Was a Believer of Trog.
             Engulfed by a cloud of freezing vapour (8 damage)
             ... on level 3 of the Dungeon.
             The game lasted 00:09:00 (3342 turns).

jamesblauser the Chopper (Minotaur Berserker)       Turns: 3342, Time: 00:09:00

Health: -1/47      AC: 10    Str: 20 (22) XL:     5   Next: 20%
Magic:  4/4        EV:  8    Int:  3 (4)  God:    Trog [**....]
Gold:   115        SH:  0    Dex:  9 (11) Spells: 4/4 levels left

rFire   . . .      SeeInvis .   a - +1 hand axe
rCold   . . .      Faith    .   (no shield)
rNeg    . . .      Spirit   .   l - +0 chain mail
rPois   .          Reflect  .   (helmet restricted)
rElec   .          Harm     .   (no cloak)
rCorr   .          Rampage  .   (no gloves)
Will    .....      Clarity  +   k - +0 pair of boots
Stlth   ..........              (no amulet)
HPRegen 0.15/turn               (no ring)
MPRegen 0.09/turn               (no ring)

@: no status effects
A: horns 2, retaliatory headbutt, clarity, MP-powered wands
a: Renounce Religion, Berserk, Trog's Hand


You were on level 3 of the Dungeon.
You worshipped Trog.
Trog was pleased with you.
You visited 1 branch of the dungeon, and saw 3 of its levels.

You collected 115 gold pieces.

Inventory:

Hand Weapons
 a - a +1 hand axe (weapon)
 c - a +0 halberd
Armour
 b - a +0 animal skin
 e - a +0 ring mail
 k - a +0 pair of boots (worn)
 l - a +0 chain mail (worn)
Magical Staves
 h - a staff of death
Jewellery
 f - a ring of fire
Potions
 d - a potion of heal wounds
 g - a potion of curing


   Skills:
 + Level 4.4 Fighting
 + Level 5.5 Axes
 + Level 3.6 Armour
 + Level 3.0 Dodging
 + Level 0.4 Stealth


You had 4 spell levels left.
You didn't know any spells.
Your spell library was empty.

Dungeon Overview and Level Annotations

Branches:
Dungeon (3/15)

Altars:


Innate Abilities, Weirdness & Mutations

You have a pair of horns on your head.
You reflexively headbutt those who attack you in melee.
You possess an exceptional clarity of mind.
You expend magic power (3 MP) to strengthen your wands.


Message History

Your Dodging skill increases to level 3!
You have reached level 5!
Your skin crawls.
You feel strong-willed. The hound simulacrum bites you.
The hound simulacrum freezes you.
* * * LOW HITPOINT WARNING * * *
The hound simulacrum bites you but does no damage.
The hound simulacrum barely misses you. You furiously retaliate!
You headbutt the hound simulacrum!
The hound simulacrum closely misses you.
You furiously retaliate!
You headbutt the hound simulacrum.
The hound simulacrum vaporises!
Trog accepts your kill.
You see here a hobgoblin corpse.
There is an open translucent gate here.
You feel the effects of Trog's Hand fading.
Your skin stops crawling.
You feel less strong-willed. The ball python simulacrum bites you.
The ball python simulacrum freezes you.
The ball python simulacrum barely misses you.
You see here a ring of fire.
You hit the ball python simulacrum.
You headbutt the ball python simulacrum.
The ball python simulacrum vaporises!
Trog accepts your kill.
Really walk into that cloud of freezing vapour? [Y]es or [N]o only, please.
Really walk into that cloud of freezing vapour? [Y]es or [N]o only, please.
Really walk into that cloud of freezing vapour? [Y]es or [N]o only, please.
Really walk into that cloud of freezing vapour? [Y]es or [N]o only, please.
Really walk into that cloud of freezing vapour?
You are engulfed in freezing vapours.
Ouch! That really hurt!
* * * LOW HITPOINT WARNING * * *
You see here a ring of fire.
f - a ring of fire You are engulfed in freezing vapours.
You die...

#..........####'### #.#
#..........###....###.#
......................##########
..........####..#####...........
........###..####...##..........
....#>.##............#..........
###.#.. ........###..##.........
# #.. #..#......##..#.........
#.. #..#...@...#..#......... #.
#..##.....##..#.........
#...###$$##..##....<....
#....####...#..........
#..........##..........
.##.........#......^....
..##.......##.#.........
...###'''###..#.........
..............#.#######


There were no monsters in sight!

Vanquished Creatures
  The ghost of xian the Trooper, a weakling DsAK of Lugonu (D:3)
  3 adders
  A hound simulacrum (D:3)
  4 dart slugs
  2 adder simulacra (D:3)
  7 bats
  7 endoplasms
  3 giant cockroaches
  7 goblins
  7 hobgoblins
  A jackal (D:2)
  6 quokkas
  3 ball pythons
  A ball python simulacrum (D:3)
  3 frilled lizards (D:1)
  5 kobolds
  7 rats
68 creatures vanquished.

Vanquished Creatures (others)
  A fungus (D:3)
1 creature vanquished.

Grand Total: 69 creatures vanquished

Notes
Turn   | Place    | Note
-------+----------+-------------------------------------------
     0 | D:1      | jamesblauser the Minotaur Berserker began the quest for the
                  | Orb.
     0 | D:1      | Reached XP level 1. HP: 19/19 MP: 0/0
    74 | D:1      | Reached XP level 2. HP: 23/27 MP: 1/1
    86 | D:1      | Reached skill level 4 in Axes
   698 | D:1      | Reached ** piety under Trog
   699 | D:1      | Reached XP level 3. HP: 32/33 MP: 2/2
  1758 | D:2      | Reached XP level 4. HP: 31/40 MP: 3/3
  1995 | D:2      | Reached skill level 5 in Axes
  2479 | D:3      | Gained mutation: You expend magic power (3 MP) to
                  | strengthen your wands. [potion of mutation]
  2479 | D:3      | Gained mutation: You possess an exceptional clarity of
                  | mind. [potion of mutation]
  3205 | D:3      | Noticed xian's ghost (weakling DsAK)
  3269 | D:3      | Found a runed translucent gate.
  3269 | D:3      | Found a runed translucent gate.
  3269 | D:3      | Found a runed translucent gate.
  3302 | D:3      | Killed xian's ghost
  3303 | D:3      | Reached XP level 5. HP: 16/47 MP: 4/4
  3342 | D:3      | Engulfed by a cloud of freezing vapour

Illustrated notes

Levels and vault maps discovered:
D:1:      lemuel_arrival_funnel, layout_loops_corners, minmay_small_reverse_x
D:2:      minmay_skewed_foursquare, layout_basic, minmay_tetromino_l2
D:3:      layout_basic, shapermc_ecumenical_altar_hornbeckon,
          gammafunk_ghost_icy

Skill      XL: |  1  2  3  4 |
---------------+-------------+-----
Fighting       | 4 |  4.4
Axes           | 4 5 |  5.5
Armour         | 3 |  3.6
Dodging        | 3 |  3.0
Stealth        | |  0.4

Action                   |  1- 3 |  4- 6 || total
-------------------------+-------+-------++-------
Melee: Hand axe          |    95 |    27 ||   122
       Headbutt          |    12 |     8 ||    20
       Punch             |       |     1 ||     1
Invok: Trog's Hand       |       |     1 ||     1
  Use: Potion            |     5 |     2 ||     7
       Scroll            |     4 |     3 ||     7
Armor: Animal skin       |     4 |       ||     4
       Ring mail         |    36 |     4 ||    40
       Chain mail        |       |    13 ||    13
Dodge: Dodged            |    74 |    22 ||    96
